Map: Eternal Empire LE

Players

antagomiR - Winner!

  • Race: Protoss Protoss
  • League: Gold
  • Spawn Location: 1:00

VOD

Have the link to the VOD?

Description

Time

  • Played on: April 4, 2020, 4:21 p.m.
  • Length: 12:05
Show
View Real Time Build Order
Export as new Build Order

antagomiR Protoss - Winner!

Build Orders: Archon Immortal 

Get SALT Encoding   

  12  0:05  Probe  
  12  0:17  Probe  
  12  0:20  Pylon  
  12  0:29  Probe  
  12  0:42  Probe, Gateway  
  12  0:54  Probe  
  12  0:58  Assimilator  
  12  1:06  Probe  
  12  1:19  Probe  
  12  1:26  Assimilator  
  12  1:31  Probe, Cybernetics Core  
  12  1:43  Probe  
  12  1:47  Pylon  
  12  1:55  Probe  
  12  2:04  Warp Gate (Chrono Boost)  
  12  2:07  Probe  
  12  2:19  Probe  
  12  2:31  Probe, Nexus  
  12  2:33  Pylon  
  12  2:38  Stalker  
  12  2:43  Probe  
  12  2:49  Robotics Facility  
  12  2:55  Probe  
  12  3:02  Shield Battery  
  12  3:09  Probe  
  12  3:21  Probe  
  12  3:31  Gateway  
  12  3:33  Probe, Gateway  
  12  3:36  Observer  
  12  3:39  Sentry  
  12  3:51  Probe  
  12  3:52  Probe  
  12  3:57  Observer  
  12  4:04  Probe x2  
  12  4:07  Sentry  
  12  4:16  Probe x2  
  12  4:21  Immortal  
  12  4:28  Probe x2  
  12  4:32  Sentry  
  12  4:33  Sentry  
  12  4:46  Pylon  
  12  4:59  Twilight Council  
  12  5:04  Probe x2, Immortal  
  12  5:16  Probe x2  
  12  5:18  Forge  
  12  5:23  Pylon  
  12  5:36  Pylon  
  12  5:41  Probe x2  
  12  5:53  Probe, Zealot x2  
  12  5:57  Pylon, Nexus  
  12  6:01  Pylon  
  12  6:05  Shield Battery  
  12  6:12  Shield Battery  
  12  6:14  Immortal  
  12  6:25  Templar Archives, Shield Battery  
  12  6:28  Photon Cannon  
  12  6:30  Photon Cannon  
  12  6:34  Photon Cannon  
  12  6:41  Photon Cannon  
  12  6:46  Photon Cannon  
  12  6:50  Protoss Ground Weapons Level 1 (Chrono Boost)  
  12  6:53  Immortal, Photon Cannon  
  12  6:55  Photon Cannon  
  12  6:56  Probe x2  
  12  7:02  Pylon  
  12  7:08  Probe x2, Pylon  
  12  7:09  Stalker  
  12  7:11  Stalker  
  12  7:13  Assimilator  
  12  7:17  Assimilator  
  12  7:21  Probe x3  
  12  7:27  Assimilator  
  12  7:31  Assimilator  
  12  7:33  Probe x2  
  12  7:34  Probe, Stalker  
  12  7:35  Stalker  
  12  7:38  High Templar  
  12  7:45  Probe  
  12  7:54  Probe  
  12  7:55  Probe  
  12  7:57  Probe  
  12  8:01  Pylon  
  12  8:03  Pylon  
  12  8:04  Pylon  
  12  8:06  Probe  
  12  8:14  Probe x2  
  12  8:19  Probe, High Templar  
  12  8:20  High Templar  
  12  8:26  Probe x2  
  12  8:30  Gateway  
  12  8:31  Probe  
  12  8:32  Gateway  
  12  8:33  Gateway  
  12  8:38  Probe, Gateway  
  12  8:40  Gateway  
  12  8:41  Probe  
  12  8:43  Probe  
  12  8:45  High Templar  
  12  8:49  Archon x2  
  12  8:51  Probe  
  12  8:53  Probe  
  12  8:54  High Templar x2  
  12  8:59  Archon  
  12  9:00  Protoss Ground Weapons Level 2 (Chrono Boost)  
  12  9:02  Probe  
  12  9:03  Probe  
  12  9:13  Immortal  
  12  9:27  High Templar  
  12  9:28  High Templar x2  
  12  9:32  Charge (Chrono Boost), Zealot  
  12  9:38  Pylon  
  12  9:42  Zealot  
  12  9:43  Zealot x3  
  12  9:47  Archon  
  12  10:04  High Templar  
  12  10:05  High Templar x2  
  12  10:09  Archon x2  
  12  10:12  Zealot x3  
  12  10:22  Pylon  
  12  10:25  Pylon  
  12  10:27  Pylon  
  12  10:30  Pylon  
  12  10:32  Pylon  
  12  10:36  Pylon  
  12  10:37  Pylon  
  12  10:40  Probe x3, Nexus  
  12  10:41  Pylon  
  12  10:44  Pylon, Stargate  
  12  10:45  Stargate, Zealot x2  
  12  10:47  Zealot x5  
  12  10:48  Zealot  
  12  10:52  Probe  
  12  11:05  Probe  
  12  11:06  Probe x2  
  12  11:17  Probe  
  12  11:18  Probe  
  12  11:24  High Templar x2  
  12  11:25  High Templar x3  
  12  11:26  High Templar x2  
  12  11:28  Zealot  
  12  11:48  Assimilator  
  12  11:52  Assimilator  
Tags
 
Composition
Archon Immortal
League
Gold
Replay Pack
20200422
Add a new tag
Caveats
  • Supply blocks, unpowered buildings, or Contaminate may cause inaccurate times.
  • Supply counts are checked every 10 seconds.